 Dungeon Crawl Stone Soup version 0.23.2 (webtiles) character file.

Game seed: 1100576388975126718

100 Borgoz the Cutter (level 4, 0/27 HPs)
             Began as a Gargoyle Gladiator on Apr 9, 2019.
             Slain by an ogre
             ... wielding a +0 giant club
              (17 damage)
             ... on level 2 of the Dungeon.
             The game lasted 00:01:50 (1528 turns).

Borgoz the Cutter (Gargoyle Gladiator)              Turns: 1528, Time: 00:01:51

Health: 0/27       AC:  7    Str: 18    XL:     4   Next: 73%
Magic:  4/4        EV: 13    Int:  8    God:
Gold:   96         SH:  0    Dex: 12    Spells: 3/3 levels left

rFire    . . .     SeeInvis .   a - +0 rapier
rCold    . . .     Gourm    .   (no shield)
rNeg     + . .     Faith    .   b - +0 leather armour
rPois    ∞         Spirit   .   c - +0 helmet
rElec    +         Reflect  .   (no cloak)
rCorr    .         Harm     .   (no gloves)
MR       .....                  (no boots)
Stlth    +.........             (no amulet)
HPRegen  0.09/turn              (no ring)
MPRegen  0.09/turn              (no ring)

@: no status effects
A: negative energy resistance 1, electricity resistance, unbreathing,
petrification resistance, rot immunity, AC +3
a: no special abilities


You were on level 2 of the Dungeon.
You were not hungry.

You visited 1 branch of the dungeon, and saw 2 of its levels.

You collected 96 gold pieces.

Inventory:

Hand Weapons
 a - a +0 rapier (weapon)
Missiles
 d - 2 throwing nets (quivered)
Armour
 b - a +0 leather armour (worn)
 c - a +0 helmet (worn)
Jewellery
 g - a cursed amulet of rage {unknown}
 k - a cursed ring of attention {unknown}
 p - an uncursed ring of flight {unknown}
Scrolls
 e - 3 scrolls of identify {unknown}
 l - 2 scrolls of remove curse {unknown}
 n - a scroll of noise {unknown}
 o - a scroll of teleportation {unknown}
 q - 3 scrolls of enchant weapon {unknown}
Potions
 h - a potion of might {unknown}
 i - 2 potions of curing {unknown}
 j - a potion of heal wounds {unknown}
 m - 2 potions of lignification {unknown}
 r - a potion of brilliance {unknown}
Comestibles
 f - 6 rations


   Skills:
 + Level 2.8 Fighting
 * Level 3.4 Short Blades
 - Level 1.7 Throwing
 + Level 1.5 Armour
 * Level 3.1 Dodging
 + Level 1.4 Stealth


You had 3 spell levels left.
You didn't know any spells.
Your spell library was empty.

Dungeon Overview and Level Annotations

Branches:
Dungeon (2/15)

Altars:


Innate Abilities, Weirdness & Mutations

You are resistant to torment.
Your stone body is resilient. (AC +3)
You are immune to poison.
You resist negative energy. (rN+)
You are resistant to electric shocks. (rElec)
You can survive without breathing.
You are immune to petrification.
You are immune to rotting.


Message History

You hit the ogre but do no damage.
The ogre is lightly wounded.
The ogre struggles against the net.
You catch the helpless ogre completely off-guard!
You puncture the ogre!
The ogre is heavily wounded.
The ogre struggles against the net.
You strike the helpless ogre from behind!
You puncture the ogre!
The ogre is severely wounded.
The ogre struggles against the net.
The net rips apart, and the ogre comes free!
The ogre hits you with a +0 giant club.
You hit the ogre.
The ogre is almost dead.
You barely miss the ogre.
The ogre is almost dead.
The ogre hits you with a +0 giant club!
Ouch! That really hurt!
You die...

#......# #.####.###########
####'####.......^...#
#...................#
#......##...........#
#......+............######
###......###..[............#
#..................###.###.#
# #.............@.<..# #.#
#.# ###............#O#####
#.# #.# ..+............#..
#.###.# .##............####
##+#...# .##..†.........#
#....### †##......########
#....# ........)........
+....##.### #.....)....#####
#..........
#.########.#...#####
#.[.###.###


You could see an ogre.

Vanquished Creatures
  A gnoll (D:1)
  2 adders (D:2)
  2 oozes (D:1)
  3 worms (D:2)
  5 giant cockroaches
  3 goblins
  5 hobgoblins
  13 jackals
  A quokka (D:2)
  5 bats
  A frilled lizard (D:1)
  6 kobolds
  5 rats
52 creatures vanquished.

Notes
Turn   | Place    | Note
-------+----------+-------------------------------------------
     0 | D:1      | Borgoz the Gargoyle Gladiator began the quest for the Orb.
     0 | D:1      | Reached XP level 1. HP: 12/12 MP: 1/1
   178 | D:1      | Reached XP level 2. HP: 8/17 MP: 2/2
   407 | D:1      | Reached XP level 3. HP: 21/22 MP: 3/3
   413 | D:1      | Reached skill level 1 in Armour
   747 | D:2      | Reached skill level 1 in Stealth
   767 | D:2      | Reached XP level 4. HP: 13/27 MP: 4/4
  1519 | D:2      | Noticed an ogre
  1528 | D:2      | Slain by an ogre

Skill      XL: |  1  2  3  4 |
---------------+-------------+-----
Short Blades   | 3 |  3.4
Armour         | 1 |  1.5
Stealth        | 1 |  1.4
Dodging        | 3 |  3.1
Fighting       | |  2.8
Throwing       | |  1.7

Action                   |  1- 3 |  4- 6 || total
-------------------------+-------+-------++-------
Melee: Rapier            |   118 |   122 ||   240
Throw: Throwing net      |       |     1 ||     1
 Stab: Held in net/web   |       |     2 ||     2
       Sleeping          |       |     1 ||     1
  Eat: Chunk             |       |     2 ||     2
Armor: Leather armour    |    52 |    61 ||   113
Dodge: Dodged            |   111 |   111 ||   222
